 Dungeon Crawl Stone Soup version 0.26-a0-962-g9b92081034 (webtiles) character file.

Game seed: 16546222236982756184

1225 Dracia the Shooter (level 8, -1/54 HPs)
             Began as a Demonspawn Arcane Marksman on Dec 2, 2020.
             Killed by nerve-wracking pain
             ... invoked by Grinder
              (11 damage)
             ... on level 5 of the Dungeon.
             The game lasted 00:13:05 (6453 turns).

Dracia the Shooter (Demonspawn Arcane Marksman)     Turns: 6453, Time: 00:13:05

Health: -1/54      AC: 12    Str: 11    XL:     8   Next: 23%
Magic:  9/9        EV: 11    Int: 15    God:
Gold:   367        SH:  0    Dex: 15    Spells: 0/9 levels left

rFire    . . .     SeeInvis .   a - +5 trident
rCold    + + .     Faith    .   (no shield)
rNeg     . . .     Spirit   .   m - +0 ring mail
rPois    .         Reflect  .   k - +2 helmet
rElec    .         Harm     .   g - scarf {rC+ rF+}
rCorr    .         Rampage  .   (no gloves)
MR       .....                  (no boots)
Stlth    +.........             n - amulet of the acrobat
HPRegen  0.18/turn              y - ring of ice
MPRegen  0.11/turn              i - +4 ring of protection

@: no status effects
A: talons 2, demonic guardian 1, sturdy frame 1
a: no special abilities


You were on level 5 of the Dungeon.
You visited 1 branch of the dungeon, and saw 6 of its levels.
You also visited: Sewer.

You collected 367 gold pieces.


Innate Abilities, Weirdness & Mutations

You have razor-sharp toenails.
A weak demonic guardian rushes to your aid.
Your movements are slightly less encumbered by armour. (ER -2)


   Skills:
 - Level 1.2 Fighting
 * Level 7.5 Bows
 - Level 1.9 Dodging
 - Level 1.1 Spellcasting
 + Level 6.4 Hexes


You couldn't memorise any spells.
You knew the following spells:

 Your Spells              Type           Power        Failure   Level
a - Corona                Hex            ###....      2%          1
b - Slow                  Hex            ###.....     4%          2
c - Inner Flame           Hex/Fire       ##......     30%         3
d - Portal Projectile     Hex/Tloc       ##....       30%         3

Your spell library contained the following spells:

 Spells                   Type           Power        Failure   Level
 Cause Fear               Hex            ###.......   26%         4
 Leda's Liquefaction      Hex/Erth       ##........   69%         4

Inventory:

Hand Weapons
 a - a +5 trident (weapon)
 b - a +0 shortbow
 t - a +0 dagger
 u - a +0 shortbow
Missiles
 d - 46 arrows
 r - 6 poisoned darts (quivered)
Armour
 e - a +0 robe
 g - a scarf of resistance (worn)
 k - a +2 helmet (worn)
 m - a +0 ring mail (worn)
Jewellery
 c - an uncursed ring of see invisible
 i - a +4 ring of protection (right hand)
 n - an amulet of the acrobat (around neck)
 y - a ring of ice (left hand)
Wands
 s - a wand of random effects (11)
 v - a wand of iceblast (12)
Scrolls
 h - a scroll of identify {@r1@r1}
 j - 2 scrolls of amnesia
 o - a scroll of remove curse {@r2@r2}

Dungeon Overview and Level Annotations

Branches:
Dungeon (6/15)              Sewer (visited)
 Temple: D:4-7

Altars:
Dithmenos
Qazlal
Ru
Sif Muna
Yredelemnul
Zin

Annotations:
D:5 Grinder
D:6 Dowan, Duvessa

#..(.....#.#...#.##### #......
#.########..........# #..####
####.# #.......#####.# #..#...
.....# #.#####.#####.####......
.#########.#####.##......###.#...
.# #.............##.#.# #.#### ##
#..#.......#####.#.# #.....
#..##...##5......#.########
#.......##@#######..#
###...##..##.# ##.#
#>........##.# #.#
###........###.### #.#
#.......##.#.....# #.#
#.......##.#.....# #.#
#.......##.#.....# #.#
###...####.#.....#### #.#
#..........#...ยง....# #>#


You could see Grinder.


Message History

* * * LOW HITPOINT WARNING * * *
You hit Grinder. You claw Grinder, but do no damage.
Grinder is severely wounded.
Grinder gestures at you.
You struggle to resist.
Grinder closely misses you.
You closely miss Grinder.
Grinder is severely wounded.
Grinder hits you.
* * * LOW HITPOINT WARNING * * *
You writhe in agony.
* * * LOW HITPOINT WARNING * * *
You puncture Grinder! Your kick misses Grinder.
Grinder is almost dead.
Grinder says, "I used to sell toenails on the black market."
Grinder completely misses you.
You closely miss Grinder. Your kick misses Grinder.
Grinder is almost dead.
Grinder gestures at you. Pain shoots through your body!
* * * LOW HITPOINT WARNING * * *
Grinder blinks!
Unknown command.
You feel better.
You are too injured to fight recklessly!
You are too injured to fight recklessly!
You puncture Grinder!
Grinder is almost dead.
Grinder gestures at you. Pain shoots through your body!
You die...

Skill      XL: |  1  2  3  4  5  6  7 |
---------------+----------------------+-----
Bows           | 2 3 4 5 7 |  7.5
Hexes          | 4 5 6 |  6.4
Fighting       | |  1.2
Dodging        | |  1.9
Spellcasting   | |  1.1

Action                   |  1- 3 |  4- 6 |  7- 9 || total
-------------------------+-------+-------+-------++-------
Melee: Dagger            |    46 |    72 |       ||   118
       Kick              |     8 |    31 |    29 ||    68
       Trident           |       |   132 |   153 ||   285
 Fire: Shortbow          |    79 |    29 |    33 ||   141
  Use: Scroll            |     4 |     1 |     6 ||    11
       Potion            |       |     4 |     5 ||     9
Armor: Robe              |     2 |       |       ||     2
       Ring mail         |    14 |   118 |    74 ||   206
       Skin              |       |    80 |       ||    80
Dodge: Dodged            |    35 |   242 |    93 ||   370

Levels and vault maps discovered:
D:1:      tarquinn_simple_flora_water_b, layout_basic
D:2:      layout_basic, nicolae_dithmenos_through_a_glass_darkly,
          lemuel_doored_altar
D:3:      layout_loops_corners, led_sif_pool, minmay_misc_feat_cross,
          serial_bayou_pond_b, grunt_qazlal_sundering, uniq_robin
D:4:      layout_rooms, gammafunk_temple_overflow_pools, portal_sewer_entry_b,
          guppyfry_early_orc_mine, uniq_menkaure
D:5:      layout_loops_cross, uniq_eustachio
D:6:      layout_layer_cave, evilmike_ruin_ashenzari,
          nicolae_overflow_hidden_temple, enter_ossuary_5, eino_tiny_chamber,
          uniq_grinder, uniq_duvessa, uniq_blork_the_orc

Notes
Turn   | Place    | Note
-------+----------+-------------------------------------------
     0 | D:1      | Dracia the Demonspawn Arcane Marksman began the quest for
                  | the Orb.
     0 | D:1      | Reached XP level 1. HP: 15/15 MP: 2/2
   224 | D:1      | Reached skill level 2 in Bows
   224 | D:1      | Gained mutation: A weak demonic guardian rushes to your
                  | aid. [demonic ancestry]
   224 | D:1      | Reached XP level 2. HP: 13/21 MP: 3/3
   402 | D:1      | Identified a scarf of resistance (You found it on level 1
                  | of the Dungeon)
  1047 | D:1      | Learned a level 2 spell: Slow
  1167 | D:2      | Found a shadowy altar of Dithmenos.
  1229 | D:2      | Gained mutation: You have sharp toenails. [demonic
                  | ancestry]
  1229 | D:2      | Reached XP level 3. HP: 26/26 MP: 4/4
  1477 | D:2      | Found a basalt altar of Yredelemnul.
  2126 | D:3      | Found a stormy altar of Qazlal.
  2215 | D:3      | Noticed a scorpion
  2223 | D:3      | Killed a scorpion
  2224 | D:3      | Reached skill level 3 in Bows
  2224 | D:3      | Reached XP level 4. HP: 25/32 MP: 5/5
  2423 | D:3      | Noticed Robin
  2456 | D:3      | Killed Robin
  2457 | D:3      | Reached skill level 4 in Hexes
  2920 | D:3      | Gained mutation: You have razor-sharp toenails. [demonic
                  | ancestry]
  2920 | D:3      | Reached XP level 5. HP: 37/37 MP: 6/6
  3322 | D:3      | Found a shimmering blue altar of Sif Muna.
  3554 | D:3      | Learned a level 3 spell: Inner Flame
  3612 | D:4      | Reached skill level 4 in Bows
  3629 | D:4      | Noticed Menkaure
  3634 | D:4      | Killed Menkaure
  3635 | D:4      | Reached XP level 6. HP: 25/43 MP: 7/7
  3701 | D:4      | Found a glowing drain.
  3722 | D:4      | HP: 4/43 [river rat (8)]
  4033 | Sewer    | Entered a sewer
  4174 | Sewer    | Reached skill level 5 in Bows
  4342 | Sewer    | Reached skill level 5 in Hexes
  4348 | Sewer    | Reached XP level 7. HP: 43/48 MP: 8/8
  4826 | D:4      | Reached skill level 6 in Bows
  5394 | D:4      | Found a glowing silver altar of Zin.
  5394 | D:4      | Found a sacrificial altar of Ru.
  5475 | D:5      | Entered Level 5 of the Dungeon
  5483 | D:5      | Reached skill level 6 in Hexes
  5804 | D:5      | Reached skill level 7 in Bows
  5879 | D:5      | Gained mutation: Your movements are slightly less
                  | encumbered by armour. (ER -2) [demonic ancestry]
  5879 | D:5      | Reached XP level 8. HP: 49/54 MP: 9/9
  5912 | D:5      | Learned a level 3 spell: Portal Projectile
  6044 | D:5      | Noticed Eustachio
  6087 | D:5      | Killed Eustachio
  6434 | D:6      | Noticed Grinder
  6434 | D:6      | Noticed Duvessa
  6434 | D:6      | Noticed Dowan
  6451 | D:5      | HP: 3/54 [Grinder/nerve-wracking pain (8)]
  6453 | D:5      | Killed from afar by Grinder

Vanquished Creatures
  An orc warrior (D:4)
  An ice beast (D:5)
  An ogre (D:4)
  2 bullfrogs (Sewer)
  An orc priest (D:4)
  2 hounds (D:4)
  A jelly (D:5)
  An iguana (D:4)
  4 worker ants
  Robin (D:3)
  A river rat (D:4)
  13 adders
  2 ufetubi (D:5)
  An adder skeleton (D:5)
  3 worms
  A dart slug (D:4)
  5 leopard geckos
  5 orcs
  3 bats
  6 giant cockroaches
  13 goblins
  10 hobgoblins
  9 jackals
  5 quokkas
  4 ball pythons
  6 frilled lizards
  A jackal skeleton (D:5)
  9 kobolds
  A leopard gecko skeleton (D:4)
  9 rats
122 creatures vanquished.

Vanquished Creatures (collateral kills)
  Eustachio (D:5)
  Menkaure (D:4)
  A scorpion (D:3)
  3 hounds
  An orc wizard (D:4)
  2 orcs (D:4)
9 creatures vanquished.

Vanquished Creatures (others)
  5 plants (D:3)
5 creatures vanquished.

Grand Total: 136 creatures vanquished

Table legend: (Time is in decaauts)
 A = Elapsed time spent in this place.
 B = Non-inter-level travel time spent in this place.
 C = Inter-level travel time spent in this place.
 D = Time resting spent in this place.
 E = Time spent auto-exploring this place.
 F = Levels seen in this place.
 G = Mean time per level.
                   A        B        C        D        E       F      G
               +--------+--------+--------+--------+--------+-----+--------+
         Total |   6671 |   6455 |    216 |    405 |   4858 |   7 |  953.0 |
       Dungeon |   5966 |   5750 |    216 |    405 |   4344 |   6 |  994.3 |
         Sewer |    704 |    704 |      0 |      0 |    513 |   1 |  704.0 |
               +--------+--------+--------+--------+--------+-----+--------+

Top non-repeatable levels by time:
     D:3: 1502 daAuts
     D:4: 1321 daAuts
     D:1: 1074 daAuts
     D:2: 1058 daAuts
     D:5: 1000 daAuts
   Sewer: 704 daAuts
     D:6: 8 daAuts

Table legend:
 A = Non-vault XP
 B = Vault XP
 C = Vault XP percentage of total XP
 D = Non-vault monster count
 E = Vault monster count
 F = Vault count percentage of total count
                 A         B        C        D         E       F
            +---------+---------+-------+---------+---------+-------
      Total |     936 |     814 |  46.5 |      91 |      40 |  30.5
            +---------+---------+-------+---------+---------+-------
        D:1 |      21 |       0 |   0.0 |      14 |       0 |   0.0
        D:2 |      44 |       0 |   0.0 |      19 |       0 |   0.0
        D:3 |     135 |      34 |  20.1 |      26 |      11 |  29.7
        D:4 |     392 |     347 |  47.0 |      15 |      11 |  42.3
        D:5 |     344 |     155 |  31.1 |      17 |       1 |   5.6
      Sewer |       0 |     278 | 100.0 |       0 |      17 | 100.0
            +---------+---------+-------+---------+---------+-------
